 Dungeon Crawl Stone Soup version 0.17-a0-65-gc96cd5b (webtiles) character file.

75 Sixotanaka the Ruffian (level 4, -6/35 HPs)
             Began as a Draconian Transmuter on Mar 9, 2015.
             Mangled by Guenter's ghost (9 damage)
             ... on level 3 of the Dungeon on Mar 10, 2015.
             The game lasted 00:04:53 (1666 turns).

Sixotanaka the Ruffian (Draconian Transmuter)       Turns: 1666, Time: 00:04:53

Health: -6/35      AC:  5    Str: 13    XL:     4   Next: 11%
Magic:  7/7        EV: 12    Int: 13    God:
Gold:   140        SH:  0    Dex: 12    Spells: 2 memorised, 4 levels left

rFire  . . .     SeeInvis .       - Unarmed
rCold  . . .     Clarity  .     (armour unavailable)
rNeg   . . .     SustAb   .     (no shield)
rPois  .         Gourm    .     (helmet restricted)
rElec  .         Spirit   .     m - -2 cloak
rCorr  .         Warding  .     q - +0 pair of gloves
rMut   .         Stasis   .     (no boots)
MR     .....                    (no amulet)
Stlth  +.........               (no ring)
                                (no ring)

@: lethally poisoned (-6 -> -23), not resistant to hostile enchantments, very
unstealthy
A: unfitting armour, hooves 1, cold-blooded, AC +5
a: no special abilities


You were on level 3 of the Dungeon.
You were not hungry.

You visited 1 branch of the dungeon, and saw 3 of its levels.

You collected 140 gold pieces.


Innate Abilities, Weirdness & Mutations

Your plain brown scales are hard (AC +5).
Your body does not fit into most forms of armour.
Your cold-blooded metabolism reacts poorly to cold.
You have large cloven feet.


   Skills:
 - Level 1.1 Fighting
 - Level 1.7 Dodging
 + Level 5.0 Unarmed Combat
 - Level 2.0 Spellcasting
 - Level 2.0 Transmutations


You had 4 spell levels left.
You knew the following spells:

 Your Spells              Type           Power        Failure   Level  Hunger
y - Sticks to Snakes      Trmt           #.........   17%         2    ###....
z - Beastly Appendage     Trmt           #.....       12%         1    ##.....


Dungeon Overview and Level Annotations

Branches:
Dungeon (3/15)

Altars:

Annotations:
D:3 Guenter's ghost, average OgMo

Inventory:

Missiles
 b - 12 arrows (quivered)
 j - 7 curare-tipped needles
Armour
 m - a -2 cloak (worn)
 q - a +0 pair of gloves (worn)
Scrolls
 p - 3 scrolls of remove curse {@r2}
 r - a scroll of teleportation {@r4}
Potions
 e - a potion of curing {unknown}
 f - a potion of haste {unknown}
 h - a potion of heal wounds {unknown}
 n - a potion of resistance {unknown}
 o - 3 potions of cancellation
 s - a potion of degeneration {unknown}
Books
 d - a book of Changes
Comestibles
 a - 3 bread rations
 g - 2 beef jerkies
 i - 2 fruits
 k - a meat ration
 t - a slice of pizza

......## ##.## ......#
#..# #.#..######.##
#....##.....#
#.........##### #
#.............##..
#####...##....###.....
#.......##.W#.#...###
#.......#.@##....W.#
#..........##.......#
#........#.##.........
#..........##........#
#.......#..........###
##..................#
##.............####>.#
###......†..........
..
##....#####(......##


You could see Guenter's ghost.


Message History

No target in view!
You see here a giant newt corpse.
You butcher the giant newt corpse.
t - a chunk of flesh You see here a giant newt skeleton.
Eat a chunk of flesh? (ye/n/q/i?)
You continue eating. x2
t - a slice of pizza You see here a whip.
a - 3 bread rations (gained 1)
Found 20 sling bullets.
You are feeling hungry.
A ball python comes into view.
A ball python is nearby!
Found 5 gold pieces.
You hit the ball python. The ball python misses you.
The ball python misses you.
You punch the ball python!
You kill the ball python!
No target in view!
No target in view!
No target in view!
No target in view!
No target in view!
No target in view!
No target in view!
No target in view!
No target in view!
No target in view!
No target in view!
No target in view!
You see here a ball python corpse.
You butcher the ball python corpse.
u - a chunk of flesh Eat a chunk of flesh? (ye/n/q/i?)
You continue eating. x2
You now have 140 gold pieces (gained 5).
Found a stone staircase leading down.
Guenter's ghost (average Ogre Monk) comes into view.
It is wielding a weapon of venom.
Guenter's ghost turns its malevolent gaze towards you.
Read which item? (? for menu, Esc to quit)
As you read the scroll labeled OCUAHIH XEZEGG, it crumbles to dust.
You feel as if something is helping you.
It was a scroll of remove curse.
Read which item? (? for menu, Esc to quit)
As you read the scroll labeled KLASIXE GONG, it crumbles to dust.
It is a scroll of identify.
Identify which item? (\ to view known items) (? for menu, Esc to quit)
o - 3 potions of cancellation Read which item? (? for menu, Esc to quit)
Identify which item? (\ to view known items) (? for menu, Esc to quit)
As you read the scroll of identify {@r1}, it crumbles to dust.
r - a scroll of teleportation You barely miss Guenter's ghost.
Guenter's ghost hits you!
You barely miss Guenter's ghost. Guenter's ghost hits you!
You are poisoned.
You barely miss Guenter's ghost.
You feel sick. Guenter's ghost hits you!
* * * LOW HITPOINT WARNING * * *
You are lethally poisoned!
* * * LOW HITPOINT WARNING * * *
You feel sick.
* * * LOW HITPOINT WARNING * * *
You feel sick.
Drink which item? (? for menu, Esc to quit)
It was a potion of beneficial mutation.
Your feet thicken and deform.
You feel fantastic!
* * * LOW HITPOINT WARNING * * *
You feel sick. Guenter's ghost hits you!
You die...

Action                   |  1- 3 |  4- 6 || total
-------------------------+-------+-------++-------
Melee: Unarmed           |   114 |    17 ||   131
 Cast: Beastly Appendage |     6 |       ||     6
  Use: Scroll            |       |     3 ||     3
       Potion            |       |     1 ||     1
  Eat: Chunk             |     1 |     2 ||     3

Vault maps used:
D:1:      ldierk_walled_garden
D:2:      uniq_iyjb
D:3:      grunt_decor_arrowhead

Notes
Turn   | Place    | Note
--------------------------------------------------------------
     0 | D:1      | Sixotanaka, the Draconian Transmuter, began the quest for the Orb.
     0 | D:1      | Reached XP level 1. HP: 16/16 MP: 3/3
    94 | D:1      | Upgraded the game from 0.17-a0-61-g0c497fb to 0.17-a0-65-gc96cd5b
   132 | D:1      | Reached XP level 2. HP: 12/23 MP: 4/4
   508 | D:1      | Reached skill level 4 in Unarmed Combat
   685 | D:1      | Reached XP level 3. HP: 26/28 MP: 6/6
  1200 | D:2      | Learned a level 2 spell: Sticks to Snakes
  1353 | D:2      | Noticed Ijyb
  1364 | D:2      | Killed Ijyb
  1364 | D:2      | Reached XP level 4. HP: 33/35 MP: 5/7
  1450 | D:2      | Reached skill level 5 in Unarmed Combat
  1651 | D:3      | Noticed Guenter's ghost (average OgMo)
  1663 | D:3      | HP: 8/35 [Guenter's ghost (9)]
  1666 | D:3      | Gained mutation: You have large cloven feet. [potion of beneficial mutation]
  1666 | D:3      | HP: 3/35 [poisoned by Guenter's ghost]
  1666 | D:3      | Mangled by Guenter's ghost

Vanquished Creatures
  Ijyb (D:2)
  2 worms
  3 ball pythons
  6 bats
  4 giant cockroaches
  3 goblins
  2 hobgoblins (D:1)
  9 kobolds
  2 quokkas (D:2)
  5 giant newts
  2 jackals (D:2)
  8 rats
47 creatures vanquished.

Vanquished Creatures (others)
  5 toadstools (D:1)
5 creatures vanquished.

Grand Total: 52 creatures vanquished
